Map: Kairos Junction LE

Players

Solt

  • Race: Zerg Zerg
  • League: Platinum
  • Spawn Location: 11:00

Yocto - Winner!

  • Race: Zerg Zerg
  • League: Platinum
  • Spawn Location: 5:00

VOD

Have the link to the VOD?

Description

Time

  • Played on: Dec. 22, 2018, 7:32 a.m.
  • Length: 16:28
Show
View Real Time Build Order
Export as new Build Order

Solt Zerg 

Build Orders: Pool First 

Get SALT Encoding   

  12  0:03  Drone  
  13  0:15  Drone  
  13  0:17  Overlord  
  14  0:35  Spawning Pool  
  14  0:38  Drone  
  14  0:41  Drone  
  15  0:47  Drone  
  16  1:10  Hatchery  
  15  1:12  Drone  
  15  1:15  Drone  
  17  1:23  Extractor, Drone  
  17  1:24  Drone  
  18  1:34  Queen  
  18  1:38  Drone  
  21  1:55  Overlord  
  21  2:00  Zergling x2  
  22  2:08  Overlord  
  22  2:12  Queen  
  24  2:24  Zergling x4  
  24  2:29  Metabolic Boost  
  26  2:34  Drone x2  
  28  2:37  Queen  
  30  3:00  Zergling x10  
  30  3:01  Baneling Nest  
  30  3:02  Zergling x2  
  35  3:10  Overlord  
  35  3:29  Zergling x8  
  35  3:30  Zergling x6  
  42  4:08  Baneling x2  
  42  4:09  Baneling  
  32  4:46  Zergling x12  
  32  4:47  Zergling x10  
  32  4:48  Zergling x12  
  43  5:05  Drone x6  
  43  5:06  Drone  
  50  5:08  Baneling x2  
  50  5:15  Zergling x2  
  50  5:16  Zergling x2  
  52  5:25  Baneling x4  
  52  5:26  Baneling  
  52  5:29  Baneling x3  
  52  5:39  Extractor  
  52  5:41  Roach Warren, Drone x2  
  52  5:42  Overlord  
  52  5:43  Overlord x2  
  36  6:30  Roach  
  36  6:31  Roach x6  
  36  6:32  Roach x5  
  60  6:43  Drone x2  
  62  7:04  Zergling x10  
  62  7:05  Zergling x2  
  62  7:06  Overlord x2  
  68  7:26  Ravager  
  68  7:28  Ravager  
  70  7:34  Zergling x10  
  70  7:35  Zergling x8  
  47  8:24  Queen x2  
  44  8:32  Drone x5  
  44  8:33  Drone x6  
  51  8:39  Spore Crawler  
  50  8:42  Spore Crawler x3  
  47  8:51  Spore Crawler  
  47  8:54  Spore Crawler  
  45  8:59  Queen x2  
  45  9:01  Spore Crawler  
  48  9:11  Spore Crawler  
  48  9:14  Spore Crawler  
  46  9:30  Spore Crawler  
  45  9:33  Extractor, Drone x4, Spore Crawler  
  45  9:34  Drone x6  
  45  9:35  Queen, Extractor, Drone x3  
  57  9:41  Spore Crawler  
  57  9:44  Lair  
  56  9:51  Roach x2  
  56  9:52  Overlord x3  
  60  10:11  Queen  
  60  10:13  Roach x5  
  60  10:14  Roach  
  74  10:44  Zergling x2  
  74  10:45  Zergling x14  
  74  10:46  Zergling x2  
  74  10:47  Pneumatized Carapace  
  83  10:58  Zergling x2  
  83  10:59  Overlord x3  
  71  11:23  Spore Crawler  
  59  11:26  Spore Crawler  
  59  11:29  Spore Crawler  
  55  11:48  Drone x5  
  55  11:49  Drone x5  
  55  11:50  Hydralisk Den  
  64  11:57  Evolution Chamber  
  63  12:03  Evolution Chamber  
  62  12:47  Hydralisk x4  
  62  12:48  Hydralisk x6  
  62  12:49  Hydralisk x6  
  94  12:59  Muscular Augments  
  94  13:01  Zerg Missile Weapons Level 1  
  94  13:02  Zerg Ground Armor Level 1  
  94  13:07  Hydralisk  
  94  13:08  Hydralisk x2  
  94  13:10  Overlord x3  
  100  13:42  Hydralisk x2  
  100  13:43  Hydralisk x6  
  116  13:56  Hatchery  
  115  14:11  Grooved Spines  
  115  14:14  Hydralisk x2  
  115  14:15  Hydralisk x2  
  123  14:20  Overlord x2  
  73  14:44  Hydralisk x4  
  77  14:45  Hydralisk  
  41  15:22  Roach  
  41  15:23  Roach x6  
  41  15:24  Roach  
  26  15:53  Zergling x2  
Show
View Real Time Build Order
Export as new Build Order

Yocto Zerg - Winner!

Build Orders: Hatch First 

Get SALT Encoding   

  12  0:01  Drone  
  13  0:15  Overlord  
  13  0:17  Drone  
  14  0:35  Drone x2  
  16  0:44  Drone  
  17  0:55  Hatchery  
  16  0:58  Drone  
  16  1:01  Drone  
  18  1:06  Extractor  
  17  1:16  Spawning Pool  
  16  1:24  Drone x2  
  18  1:36  Drone  
  19  1:43  Overlord  
  19  1:59  Drone  
  20  2:04  Queen  
  20  2:08  Queen  
  22  2:11  Zergling x4  
  26  2:15  Metabolic Boost  
  26  2:19  Drone  
  27  2:23  Drone  
  27  2:26  Drone  
  29  2:30  Drone  
  29  2:36  Drone  
  31  2:47  Queen  
  31  2:50  Lair  
  33  2:53  Extractor  
  33  2:54  Drone  
  33  2:58  Drone x3  
  35  3:04  Overlord  
  36  3:20  Overlord x2  
  36  3:34  Drone x3  
  39  3:46  Extractor, Drone  
  39  3:47  Drone x3  
  39  3:48  Extractor  
  41  3:58  Evolution Chamber  
  41  3:59  Baneling Nest  
  41  4:00  Zergling x8  
  43  4:08  Queen  
  43  4:09  Evolution Chamber  
  44  4:16  Zergling x6  
  44  4:17  Zergling x4  
  48  4:21  Zergling x4  
  50  4:25  Zergling x4  
  50  4:26  Zergling x2  
  48  4:33  Zergling x2  
  48  4:35  Zergling x2  
  46  4:41  Zergling x2  
  35  4:46  Zergling x2  
  35  4:48  Queen  
  35  4:51  Zergling x2  
  34  4:58  Drone  
  34  5:04  Spire  
  34  5:06  Baneling x2  
  33  5:11  Drone  
  33  5:14  Queen  
  34  5:17  Baneling x2  
  36  5:29  Spine Crawler, Zergling x2  
  36  5:30  Zergling x2  
  36  5:34  Baneling  
  37  5:44  Queen  
  37  5:45  Zergling x2  
  37  5:46  Zergling x2  
  41  5:57  Spine Crawler  
  40  6:01  Drone x2  
  42  6:07  Baneling x2  
  42  6:08  Baneling  
  40  6:25  Drone x5  
  44  6:30  Drone x3  
  48  6:36  Drone  
  48  6:37  Drone  
  50  6:43  Drone x2  
  52  7:01  Drone x3  
  55  7:03  Drone x2  
  55  7:06  Drone  
  58  7:20  Overlord x2  
  58  7:26  Spine Crawler  
  57  7:31  Queen  
  59  7:37  Overlord  
  59  7:41  Mutalisk x6  
  71  7:51  Zergling x8  
  63  8:04  Mutalisk x2  
  63  8:17  Zergling x4  
  53  8:37  Mutalisk x3  
  59  8:47  Queen  
  61  8:51  Mutalisk  
  63  8:56  Drone x2  
  65  9:08  Drone x3  
  68  9:12  Drone x3  
  71  9:22  Overlord x2  
  71  9:46  Hatchery  
  71  9:50  Mutalisk x4  
  71  9:51  Mutalisk  
  80  9:57  Zerg Melee Weapons Level 1  
  80  10:18  Mutalisk x3  
  86  10:24  Drone x2  
  86  10:25  Drone x2  
  90  10:43  Drone x3  
  90  10:46  Zerg Flyer Weapons Level 1  
  93  10:55  Overlord x2  
  93  10:59  Queen  
  93  11:01  Drone x6  
  101  11:04  Extractor  
  101  11:06  Extractor  
  98  11:13  Zergling x10  
  96  11:37  Drone x4  
  96  11:38  Drone x3  
  103  11:40  Baneling x2  
  103  11:41  Baneling x4  
  103  11:43  Baneling  
  103  11:44  Queen  
  103  11:47  Drone x4  
  106  11:51  Spine Crawler  
  106  11:53  Spine Crawler  
  107  11:59  Evolution Chamber  
  106  12:02  Spine Crawler, Drone x2  
  106  12:04  Spine Crawler  
  106  12:05  Queen  
  108  12:27  Hatchery  
  108  12:29  Spine Crawler  
  106  12:35  Centrifical Hooks  
  106  12:38  Zerg Ground Armor Level 1, Zerg Melee Weapons Level 2  
  106  12:47  Infestation Pit  
  106  12:48  Drone  
  106  12:49  Drone x5  
  106  12:50  Mutalisk x2  
  106  12:51  Mutalisk  
  117  13:01  Zergling x10  
  122  13:07  Overlord x2  
  122  13:28  Overlord x3  
  122  13:29  Overlord  
  122  13:37  Overlord x3  
  122  13:48  Zergling x2  
  122  13:49  Zergling x12  
  122  13:53  Baneling x4  
  122  13:54  Baneling x4  
  129  14:04  Zergling x6  
  129  14:08  Queen  
  134  14:15  Spine Crawler x2  
  132  14:18  Zergling x12  
  132  14:19  Zergling x2  
  136  14:38  Zergling x24  
  129  14:45  Baneling x7  
  135  14:49  Baneling  
  135  14:50  Baneling x5  
  135  14:51  Zergling x8  
  135  14:52  Zergling x4  
  141  14:57  Extractor  
  137  15:11  Zergling x2  
  137  15:12  Zergling x10  
  130  15:19  Zergling x2  
  130  15:20  Zergling x2  
  126  15:22  Zergling x4  
  126  15:25  Zergling x4  
  128  15:41  Zergling x4  
  128  15:42  Zergling x6  
  129  15:47  Zergling x6  
  123  16:10  Extractor  
Tags
 
Add a new tag
Caveats
  • Supply blocks, unpowered buildings, or Contaminate may cause inaccurate times.
  • Supply counts are checked every 10 seconds.